 Dungeon Crawl Stone Soup version 0.31.0-11-ge490571c62 (webtiles) character file.

Game seed: 7244761609325681830

1044 Sanktem7 the Chopper (level 8, -3/70 HPs)
             Began as a Minotaur Fighter on Feb 1, 2024.
             Slain by SuperJoe's ghost (18 damage)
             ... on level 5 of the Dungeon.
             The game lasted 00:09:24 (4262 turns).

Sanktem7 the Chopper (Minotaur Fighter)             Turns: 4262, Time: 00:09:24

Health: -3/70      AC: 12    Str: 23    XL:     8   Next: 4%
Magic:  16/16      EV: 13    Int:  5    God:
Gold:   227        SH:  5    Dex: 10    Spells: 7/7 levels left

rFire   . . .        a - +0 war axe
rCold   . . .        c - +0 buckler
rNeg    . . .        o - +0 chain mail
rPois   .            (helmet restricted)
rElec   .            (no cloak)
rCorr   .            (no gloves)
SInv    .            s - +1 pair of boots
Will    .....        (no amulet) Stlth
                     f - ring of magical power
HPRegen 0.31/turn    t - +5 ring of evasion
MPRegen 0.15/turn

%: no passive effects
@: lethally poisoned (-3 -> -18)
A: horns 2, retaliatory headbutt
a: no special abilities


You were on level 5 of the Dungeon.
You visited 2 branches of the dungeon, and saw 6 of its levels.

You collected 227 gold pieces.

Inventory:

Hand Weapons
 a - a +0 war axe (weapon)
 w - the +5 whip of the Snake Pit {freeze, Str+2 SInv}
   (You found it on level 4 of the Dungeon)

   Str+2:     It affects your strength (+2).
   SInv:      It lets you see invisible.
Missiles
 n - 59 stones (quivered)
Armour
 c - a +0 buckler (worn)
 o - a +0 chain mail (worn)
 s - a +1 pair of boots (worn)
Jewellery
 f - a ring of magical power (left hand)
 t - a +5 ring of evasion (right hand)
Scrolls
 b - a scroll of brand weapon {unknown}
 e - 2 scrolls of fog {unknown}
 g - 3 scrolls of fear {unknown}
 j - 2 scrolls of amnesia {unknown}
 k - 2 scrolls of blinking {unknown}
 l - a scroll of noise {unknown}
 p - a scroll of enchant weapon {unknown}
 u - a scroll of enchant armour {unknown}
 x - a scroll of identify {unknown}
 y - a scroll of immolation {unknown}
Potions
 d - 2 potions of might
 h - 2 potions of brilliance {unknown}
 i - a potion of experience {unknown}
 m - 3 potions of curing {unknown}
 q - 3 potions of heal wounds {unknown}
 r - a potion of haste {unknown}
 v - 3 potions of mutation {unknown}


   Skills:
 + Level 6.0 Fighting
 * Level 7.1 Axes
 + Level 3.0 Throwing
 + Level 5.8 Armour
 + Level 5.8 Shields


You had 7 spell levels left.
You didn't know any spells.
Your spell library contained the following spells:

 Spells                   Type           Power      Damage    Failure   Level
 Foxfire                  Conj/Fire      0%         2x1d4     98%         1
 Cigotuvi's Dreadful Rot  Necr/Alch/Air  0%         N/A       99%         2
 Scorch                   Fire           0%         2d5       99%         2
 Flame Wave               Conj/Fire      0%         2d4       100%        4
 Ignite Poison            Fire/Alch      0%         N/A       100%        4
 Freezing Cloud           Conj/Ice/Air   0%         6-21      100%        5
 Plasma Beam              Fire/Air       0%         2x1d10    100%        6
 Starburst                Conj/Fire      0%         6d3       100%        6
 Summon Cactus Giant      Summ           0%         N/A       100%        6
 Malign Gateway           Summ/Tloc      0%         N/A       100%        7
 Summon Horrible Things   Summ           0%         N/A       100%        8


Dungeon Overview and Level Annotations

Branches:
Dungeon (5/15)             Temple (1/1) D:5

Altars:
Cheibriados
Fedhas
Gozag
Hepliaklqana
Kikubaaqudgha
Makhleb
Nemelex Xobeh
Ru
Trog
Uskayaw
Wu Jian
The Shining One

Shops:
D:4 [

Annotations:
D:5 SuperJoe's ghost, novice OpRe


Innate Abilities, Weirdness & Mutations

You have a pair of horns on your head.
You reflexively headbutt those who attack you in melee.


Message History

You headbutt the kobold brigand, but do no damage.
SuperJoe's ghost hits you.
You are electrocuted!
You barely miss SuperJoe's ghost.
SuperJoe's ghost is moderately damaged.
You closely miss the kobold brigand.
The kobold brigand hits you but does no damage.
You are poisoned.
SuperJoe's ghost hits you but does no damage.
You hit SuperJoe's ghost.
SuperJoe's ghost is heavily damaged.
You closely miss the kobold brigand.
You feel very sick.
The kobold brigand hits you but does no damage.
SuperJoe's ghost hits you but does no damage.
You are electrocuted!!
You slash SuperJoe's ghost!
SuperJoe's ghost is severely damaged.
You closely miss the kobold brigand.
You feel sick.
The kobold brigand hits you but does no damage.
You are more poisoned.
SuperJoe's ghost hits you.
SuperJoe's ghost hits you but does no damage.
You block the kobold brigand's attack.
You barely miss SuperJoe's ghost. Your headbutt misses SuperJoe's ghost.
SuperJoe's ghost is severely damaged.
You hit the kobold brigand.
You feel very sick.
The kobold brigand hits you with a +1 whip of venom.
You are more poisoned.
SuperJoe's ghost hits you.
* * * LOW HITPOINT WARNING * * *
You hit SuperJoe's ghost.
SuperJoe's ghost is severely damaged.
You hit the kobold brigand.
* * * LOW HITPOINT WARNING * * *
You feel very sick. The kobold brigand closely misses you.
SuperJoe's ghost hits you but does no damage.
You are electrocuted!!
You die...

.##...##.#
#.###### #.#
....#.##.#
#.##.$(###.#
.##...##.#
###.....##.#
.###.###.#
#.#K..#.#.#
.# #.....#
#K.#.#.⌠#.#
.# #######
#K#K..#.#.#
.#
###KKK..##.#
.#
#.##WK'##..#
##
#..@KK.....#
#####......#
########


You could see a kobold brigand, SuperJoe's ghost and 8 kobolds.

Vanquished Creatures
  Sigmund (D:5)
  A phantom (D:5)
  2 scorpions
  A crimson imp (D:5)
  A jelly (D:5)
  4 orc priests
  A bombardier beetle (D:4)
  4 hounds (D:5)
  Jessica (D:3)
  3 orc wizards
  An iguana (D:5)
  Robin (D:2)
  A gnoll (D:1)
  8 adders
  2 ufetubi (D:5)
  4 ribbon worms
  A dart slug (D:4)
  21 orcs
  6 endoplasms
  5 giant cockroaches
  12 goblins
  16 hobgoblins
  3 quokkas
  3 ball pythons
  3 bats
  6 frilled lizards
  9 kobolds
  6 rats
127 creatures vanquished.

Notes
Turn   | Place    | Note
-------+----------+-------------------------------------------
     0 | D:1      | Sanktem7 the Minotaur Fighter began the quest for the Orb.
     0 | D:1      | Reached XP level 1. HP: 19/19 MP: 0/0
   300 | D:1      | Reached XP level 2. HP: 23/27 MP: 1/1
   374 | D:1      | HP: 1/27 [gnoll/+0 flail (8)]
   377 | D:1      | Reached skill level 3 in Axes
   639 | D:1      | Reached XP level 3. HP: 31/33 MP: 2/2
  1275 | D:2      | Reached XP level 4. HP: 24/40 MP: 3/3
  1380 | D:2      | Noticed Robin
  1392 | D:2      | Reached skill level 4 in Axes
  1397 | D:2      | Killed Robin
  1849 | D:3      | Reached XP level 5. HP: 39/47 MP: 4/4
  1857 | D:3      | Reached skill level 1 in Throwing
  2132 | D:3      | Noticed Jessica
  2139 | D:3      | Killed Jessica
  2404 | D:4      | Found Odeimal's Antique Armour Emporium.
  2439 | D:4      | Reached skill level 5 in Axes
  2439 | D:4      | Reached XP level 6. HP: 7/55 MP: 5/5
  2593 | D:4      | Reached skill level 5 in Fighting
  2616 | D:4      | Found a hazy altar of Hepliaklqana.
  2641 | D:4      | Reached skill level 5 in Shields
  2684 | D:4      | Identified the +5 whip of the Snake Pit {freeze, Str+2
                  | SInv}
  2873 | D:4      | Reached skill level 5 in Armour
  3115 | D:4      | Found an opulent altar of Gozag.
  3401 | D:5      | Entered Level 5 of the Dungeon
  3485 | D:5      | Found a runed translucent gate.
  3485 | D:5      | Found a runed translucent gate.
  3485 | D:5      | Found a runed translucent gate.
  3486 | D:5      | Noticed SuperJoe's ghost (novice OpRe)
  3530 | D:5      | Reached XP level 7. HP: 58/61 MP: 6/6
  3572 | D:5      | Reached skill level 6 in Axes
  3594 | D:5      | Found a burning altar of Makhleb.
  3819 | D:5      | Found a staircase to the Ecumenical Temple.
  3831 | Temple   | Entered the Ecumenical Temple
  3965 | D:5      | Noticed Sigmund
  3974 | D:5      | Killed Sigmund
  3975 | D:5      | Reached skill level 7 in Axes
  3975 | D:5      | Reached XP level 8. HP: 63/70 MP: 7/7
  4262 | D:5      | Slain by SuperJoe's ghost

Illustrated notes

Levels and vault maps discovered:
D:1:      dpeg_arrival_tiny_a, layout_basic, nicolae_grassy_gnolls
D:2:      minmay_recursive_quarters, layout_loops_ring, uniq_robin
D:3:      layout_rooms, glass_columns_b, uniq_jessica
D:4:      layout_gridville, general_overflow_altar,
          nicolae_overflow_hidden_temple, serial_shops, nicolae_stop_n_shop_1,
          chequers_ossuary_entry_cave, kennysheep_cross_room,
          chequers_serial_rivers_marsh
D:5:      layout_loops_ring, makhleb_grotto_becter, minmay_temple_entry_wispy,
          gammafunk_ghost_nasty_kobolds, uniq_sigmund
Temple:   dpeg_three_leaves_temple

Skill      XL: |  1  2  3  4  5  6  7  8 |
---------------+-------------------------+-----
Axes           | 3 4 5 7 |  7.1
Fighting       | 4 5 6 |  6.0
Shields        | 4 5 |  5.8
Armour         | 4 5 |  5.8
Throwing       | 1 2 3 |  3.0

Action                     |  1- 3 |  4- 6 |  7- 9 || total
---------------------------+-------+-------+-------++-------
  Melee: War axe           |    92 |   131 |    83 ||   306
         Headbutt          |     6 |    18 |    12 ||    36
 Armour: Scale mail        |    71 |    46 |       ||   117
         Chain mail        |       |    58 |    52 ||   110
  Dodge: Dodged            |    43 |    84 |    51 ||   178
  Block: Buckler           |    15 |    30 |    19 ||    64
